 Dungeon Crawl Stone Soup version 0.18.1-48-g4cf74bf (webtiles) character file.

207 Aksel the Slasher (level 5, -6/34 HPs)
             Began as a High Elf Skald on July 10, 2016.
             Was an Initiate of Okawaru.
             Mangled by an ogre
             ... wielding a +0 giant spiked club
              (23 damage)
             ... on level 4 of the Dungeon.
             The game lasted 00:13:37 (2419 turns).

Aksel the Slasher (High Elf Skald)                  Turns: 2419, Time: 00:13:38

Health: -6/34      AC:  8    Str: 11    XL:     5   Next: 54%
Magic:  4/9        EV: 11    Int: 15    God:    Okawaru [......]
Gold:   129        SH:  4    Dex: 16    Spells: 3 memorised, 2 levels left

rFire  . . .     SeeInvis .     B - +0 long sword
rCold  . . .     Gourm    .     g - +0 scale mail
rNeg   . . .     Faith    .     n - +0 buckler
rPois  .         Spirit   .     h - +0 helmet
rElec  .         Dismiss  .     v - +0 cloak
rCorr  .         Reflect  .     (no gloves)
SustAt .         Harm     .     (no boots)
MR     .....                    (no amulet)
Stlth  ..........               (no ring)
                                z - +3 ring of evasion

@: infused, not resistant to hostile enchantments, extremely unstealthy
A: no striking features
a: Renounce Religion


You were on level 4 of the Dungeon.
You worshipped Okawaru.
Okawaru was noncommittal.
You were not hungry.

You visited 1 branch of the dungeon, and saw 4 of its levels.

You collected 129 gold pieces.

Inventory:

Hand Weapons
 a - a +0 falchion
 s - a +0 hunting sling
 B - a +0 long sword (weapon)
Armour
 b - a +0 leather armour
 g - a +0 scale mail (worn)
 h - a +0 helmet (worn)
 n - a +0 buckler (worn)
 u - a +0 plate armour
 v - a +0 cloak (worn)
 x - a +0 ring mail
Jewellery
 z - a +3 ring of evasion (left hand)
Wands
 i - a wand of lightning (6/15)
 k - a wand of confusion (1/48)
Scrolls
 f - a scroll of magic mapping {unknown}
 m - 2 scrolls of recharging {unknown}
 o - a scroll of teleportation {unknown}
 q - 2 scrolls of remove curse
 r - a scroll of enchant armour
 t - a scroll of immolation {unknown}
 y - a scroll of fear {unknown}
 A - a scroll of identify
Potions
 e - a potion of magic {unknown}
 j - a potion of heal wounds
 l - a potion of haste
 C - a potion of cancellation {unknown}
Books
 c - a book of Battle

   Spells                             Type                      Level
   a - Infusion                       Charms                       1
   b - Shroud of Golubria             Charms/Translocation         2
   c - Song of Slaying                Charms                       2
   d - Spectral Weapon                Hexes/Charms                 3
   e - Regeneration                   Charms/Necromancy            3
Comestibles
 d - a bread ration
 p - a meat ration
 w - a chunk of flesh


   Skills:
 - Level 2.0 Fighting
 + Level 6.9 Long Blades
 - Level 0.8 Armour
 - Level 1.1 Dodging
 + Level 0.6 Shields
 - Level 2.4 Spellcasting
 - Level 3.6 Charms


You had 2 spell levels left.
You knew the following spells:

 Your Spells              Type           Power        Failure   Level  Hunger
a - Infusion              Chrm           ##..         50%         1    #......
b - Spectral Weapon       Hex/Chrm       #.......     100%        3    ###....
c - Shroud of Golubria    Chrm/Tloc      #.........   98%         2    ###....


Dungeon Overview and Level Annotations

Branches:
Dungeon (4/15)
 Temple: D:4-7

Altars:
Makhleb
Okawaru
Pakellas
The Shining One


Message History

Casting: Infusion
Confirm with . or Enter, or press ? or * to list all spells.
You begin infusing your attacks with magical energy.
You hit the ogre.
The ogre is lightly wounded.
The ogre hits you with a giant spiked club!
Ouch! That really hurt!
You hit the ogre!
The ogre is heavily wounded.
The ogre closely misses you.
You hit the ogre.
The ogre is heavily wounded.
The ogre barely misses you.
You barely miss the ogre.
The ogre is heavily wounded.
You hit the ogre!
The ogre is almost dead.
The ogre hits you with a giant spiked club!!
Ouch! That really hurt!
You die...

.# .# #.# #.#.#
#######.###### #.#.#
#............# #.#.#######
#............# #.#.##....#
#!...........# #.#.##....#
#.@O.........# ##.#.##....#
#............#
...#.##....##########'#######
...........'.................
##.#.##....####.#####.######.
...#.##....# #.# #...
##.#.#......# #.# #####
#.#.#.......##.#
#.#.#.#####.##.#


You could see an ogre.

Vanquished Creatures
  An orc wizard (D:3)
  Ijyb (D:2)
  A worker ant (D:4)
  4 adders
  2 oozes (D:1)
  A worm (D:2)
  2 dart slugs (D:2)
  2 giant geckos
  8 orcs (D:3)
  8 bats
  3 giant cockroaches
  7 goblins
  8 hobgoblins
  2 jackals (D:4)
  A quokka (D:2)
  A ball python (D:2)
  4 giant newts
  10 kobolds
  5 rats
71 creatures vanquished.

Notes
Turn   | Place    | Note
--------------------------------------------------------------
     0 | D:1      | Aksel the High Elf Skald began the quest for the Orb.
     0 | D:1      | Reached XP level 1. HP: 14/14 MP: 4/4
    74 | D:1      | Reached skill level 3 in Long Blades
   138 | D:1      | Reached XP level 2. HP: 19/19 MP: 6/6
   219 | D:1      | Reached skill level 4 in Long Blades
   597 | D:1      | Found a glowing golden altar of the Shining One.
   602 | D:1      | Reached XP level 3. HP: 21/24 MP: 7/7
   904 | D:2      | Noticed Ijyb
  1002 | D:3      | Reached skill level 5 in Long Blades
  1008 | D:3      | Learned a level 3 spell: Spectral Weapon
  1011 | D:3      | Learned a level 2 spell: Shroud of Golubria
  1118 | D:3      | Reached XP level 4. HP: 25/29 MP: 8/8
  1308 | D:3      | Found an oddly glowing altar of Pakellas.
  1481 | D:3      | Found a burning altar of Makhleb.
  1718 | D:3      | Reached skill level 6 in Long Blades
  2023 | D:2      | Found an iron altar of Okawaru.
  2046 | D:2      | Killed Ijyb
  2046 | D:2      | Reached XP level 5. HP: 32/34 MP: 6/9
  2060 | D:2      | Became a worshipper of Warmaster Okawaru
  2411 | D:4      | Noticed an ogre
  2419 | D:4      | Mangled by an ogre

Skill      XL: |  1  2  3  4 |
---------------+-------------+-----
Long Blades    | 3 4 5 6 |  6.9
Fighting       | |  2.0
Armour         | |  0.8
Dodging        | |  1.1
Shields        | |  0.6
Spellcasting   | |  2.4
Charms         | |  3.6

Action                   |  1- 3 |  4- 6 || total
-------------------------+-------+-------++-------
Melee: Falchion          |   142 |   108 ||   250
       Long sword        |       |    38 ||    38
 Cast: Infusion          |     2 |     3 ||     5
  Use: Scroll            |       |     5 ||     5
       Potion            |       |     3 ||     3
  Eat: Chunk             |     1 |     4 ||     5
Armor: Scale mail        |   101 |    59 ||   160
Dodge: Dodged            |    84 |    63 ||   147
Block: Buckler           |     7 |    19 ||    26
